AoeStats
← The Crusader

African Clearing

504607679Analyzed
4v4 RM · 27d ago on Sep 5, 2026· 42m 9s· 8 players
Game mode
Random Map
Map size
Large (8 player)
Population
200
Speed
Normal
Resources
Standard
Victory
Conquest
Starting age
Dark Age
Ending age
Imperial Age
RankedLock teamsTeams togetherTeam positionsShared explorationLock speedFull tech treeHidden civsTurbo modeCheats
Victory
Defeat
🇦🇷 Spanish · Argentina
1531
+14
🇺🇸 Persians · United States
1482
+16
🇺🇸 Italians · United States
1482
+16
🇨🇱 Mongols · Chile
1429
+17
🇹🇼 Celts · Taiwan
1508
-18
🇲🇽 Vikings · Mexico
1465
-15
🇦🇺 Goths · Australia
1460
-15
🇨🇳 Berbers · China
1459
-15
The Crusader
10:56 Loom
13:10 Feudal Age
17:32 Castle Age
15:47 Double-Bit Axe
16:05 Fishing Lines
25:38 Bow Saw
27:01 Fletching
27:38 Horse Collar
28:37 Wheelbarrow
28:10 Bodkin Arrow
32:27 Imperial Age
30:49 Padded Archer Armor
32:06 Leather Archer Armor
32:46 Ballistics
33:07 Bracer
34:11 Chemistry
34:01 Ring Archer Armor
34:41 Thumb Ring
36:32 Forging
38:44 Masonry
39:58 Conscription
41:11 Coinage
40:54 Elite Skirmisher
Cannoli
13:02 Feudal Age
17:09 Castle Age
15:40 Double-Bit Axe
17:46 Loom
18:12 Bow Saw
17:44 Horse Collar
25:03 Padded Archer Armor
39:38 Wheelbarrow
41:27 Town Watch
41:43 Heavy Plow
AiM | sAREMS;
12:33 Loom
14:27 Feudal Age
15:56 Double-Bit Axe
18:29 Castle Age
16:50 Gold Mining
19:41 Bow Saw
21:19 Fletching
22:25 Bodkin Arrow
23:19 Padded Archer Armor
25:06 Ballistics
27:34 Leather Archer Armor
28:00 Bloodlines
31:12 Husbandry
38:25 Imperial Age
40:37 Bracer
41:42 Chemistry
41:24 Conscription
thegoodjunk
5:35 Loom
11:26 Feudal Age
12:46 Double-Bit Axe
12:56 Horse Collar
18:50 Forging
25:53 Castle Age
24:51 Bloodlines
25:59 Scale Barding Armor
27:09 Chain Barding Armor
29:43 Wheelbarrow
29:38 Husbandry
43:18 Imperial Age
43:13 Iron Casting
YuF
11:24 Loom
13:48 Feudal Age
14:40 Town Watch
14:49 Gold Mining
14:44 Double-Bit Axe
16:14 Man-at-Arms
20:07 Castle Age
18:40 Fletching
20:16 Crossbowman
20:53 Bodkin Arrow
21:11 Bow Saw
21:55 Padded Archer Armor
24:36 Ballistics
26:03 Leather Archer Armor
29:09 Horse Collar
29:40 Stone Mining
30:08 Heavy Plow
36:30 Imperial Age
34:43 Gold Shaft Mining
36:34 Arbalester
37:15 Bracer
39:31 Chemistry
39:04 Ring Archer Armor
40:01 Conscription
41:09 Bogsveigar
逸丶然
9:03 Loom
14:20 Feudal Age
16:00 Town Watch
19:15 Castle Age
18:03 Double-Bit Axe
20:55 Fletching
22:31 Bodkin Arrow
25:31 Ballistics
30:35 Fishing Lines
31:38 Horse Collar
33:55 Wheelbarrow
33:22 Padded Archer Armor
39:29 Imperial Age
37:24 Gillnets
37:57 Husbandry
38:54 Bloodlines
39:10 Kasbah
40:40 Bow Saw
40:52 Bracer
41:54 Chemistry
41:27 Conscription
鬼洗
5:33 Loom
13:28 Feudal Age
19:20 Castle Age
19:09 Double-Bit Axe
19:22 Gold Mining
22:43 Wheelbarrow
25:11 Ballistics
29:20 Horse Collar
32:22 Fishing Lines
38:47 Imperial Age
36:34 Hand Cart
37:23 Bow Saw
37:52 Gold Shaft Mining
37:18 Heavy Plow
39:41 Furor Celtica
38:53 Capped Ram
39:57 Heavy Scorpion
Droopy
3:38 Loom
12:48 Feudal Age
13:52 Double-Bit Axe
16:17 Man-at-Arms
17:51 Wheelbarrow
31:04 Horse Collar
37:24 Castle Age
40:11 Bow Saw
Connection lost

Rejoining the realm…

Still unreachable

The connection could not be restored.

Session expired

The server has moved on; the page needs a fresh start.